 Dungeon Crawl Stone Soup version 0.32-a0-886-g41c5271027 (webtiles) character file.

Game seed: 18046164825913107833

408 ezpacito the Trooper (level 6, 0/48 HPs)
             Began as a Coglin Chaos Knight on Apr 2, 2024.
             Was a Plaything of Xom.
             Slain by an orc priest
             ... wielding a +0 flail
              (12 damage)
             ... on level 4 of the Dungeon.
             The game lasted 00:02:20 (2267 turns).

ezpacito the Trooper (Coglin Chaos Knight)          Turns: 2267, Time: 00:02:21

Health: 0/48       AC:  9    Str: 13    XL:     6   Next: 88%
Magic:  8/8        EV:  9    Int: 14    God:    Xom [*.....]
Gold:   158        SH:  0    Dex: 16    Spells: 7/7 levels left

rFire   x . .        a - +0 hand axe (chaos) {Hisao}
rCold   + . .        n - +2 dagger (holy) {Gerda}
rNeg    . . .        s - +0 scale mail {rC+}
rPois   .            i - +2 hat
rElec   .            j - +0 cloak
rCorr   .            (no gloves)
SInv    .            (no boots)
Will    .....        (amulet unavailable)
Stlth   +            (ring unavailable)
HPRegen 0.28/turn    (ring unavailable)
MPRegen 0.11/turn    (no gizmo)

%: no passive effects
@: revved
A: off-hand wielding, slow wielding, warmup strikes, no jewellery, agile 1,
clever 1, heat vulnerability 1
a: Invent Gizmo, Renounce Religion


You were on level 4 of the Dungeon.
You worshipped Xom.
You were a special plaything of Xom.
You visited 1 branch of the dungeon, and saw 4 of its levels.

You collected 158 gold pieces.

Inventory:

Hand Weapons
 a - a +0 hand axe of chaos (weapon) {Hisao}
 n - a +2 dagger of holy wrath (offhand) {Gerda}
Armour
 i - a +2 hat (worn)
 j - a +0 cloak (worn)
 m - a +0 helmet
 s - a +0 scale mail of cold resistance (worn)
 y - a +0 pair of gloves
Talismans
 d - a serpent talisman
 v - a blade talisman
Scrolls
 c - a scroll of butterflies
 g - a scroll of fear {unknown}
 k - a scroll of poison {unknown}
 o - a scroll of amnesia {unknown}
 q - a scroll of immolation {unknown}
 w - a scroll of silence {unknown}
 x - 2 scrolls of teleportation {unknown}
Potions
 b - a potion of brilliance {unknown}
 e - a potion of ambrosia {unknown}
 f - 3 potions of curing {unknown}
 h - 3 potions of lignification {unknown}
 l - a potion of invisibility {unknown}
 p - a potion of berserk rage {unknown}
 r - 2 potions of might {unknown}
 t - a potion of degeneration {unknown}
 u - a potion of resistance {unknown}


   Skills:
 * Level 4.0 Fighting
 * Level 3.9(4.2) Axes
 * Level 2.0(3.1) Polearms
 * Level 3.1 Armour
 * Level 2.7 Dodging
 + Level 1.5 Stealth
 + Level 1.4 Spellcasting


You had 7 spell levels left.
You didn't know any spells.
Your spell library contained the following spells:

 Spells                   Type           Power      Damage    Failure   Level
 Apportation              Tloc           0%         N/A       75%         1
 Necrotise                Necr           0%         1d4       75%         1
 Sting                    Conj/Alch      0%         1d3       75%         1
 Summon Small Mammal      Summ           0%         N/A       75%         1
 Lesser Beckoning         Tloc           0%         N/A       86%         2
 Dazzling Flash           Conj/Hex       0%         N/A       98%         3
 Maxwell's Portable Pile  Tloc           0%         2d(5-13)  98%         3
 Mephitic Cloud           Conj/Alch/Air  0%         N/A       98%         3
 Teleport Other           Tloc           0%         N/A       98%         3
 Leda's Liquefaction      Alch/Erth      0%         N/A       100%        4
 Curse of Agony           Necr           0%         N/A       100%        5
 Lee's Rapid Deconstruct  Erth           0%         3d4*      100%        5
 Silence                  Hex/Air        0%         N/A       100%        5
 Permafrost Eruption      Ice/Erth       0%         2x4d1     100%        6


Dungeon Overview and Level Annotations

Branches:
Dungeon (4/15)
 Temple: D:4-7

Altars:
Vehumet


Innate Abilities, Weirdness & Mutations

You can wield a second weapon in your off-hand.
It takes a long time for you to wield or remove held weapons.
Your first few attacks do less damage.
You cannot equip rings or amulets.
You are agile. (Dex +4, Str/Int -1)
Your mind is acute. (Int +4, Str/Dex -1)
You are vulnerable to heat. (rF-)


Message History

An orc comes into view. It is wielding a +0 falchion.
The orc priest misses you.
The orc shouts!
You hit the orc priest with your +2 dagger of holy wrath.
The orc priest is severely wounded.
You barely miss the orc priest with your +0 hand axe of chaos.
You barely miss the hobgoblin with your +0 hand axe of chaos.
The hobgoblin misses you.
The orc priest looks satisfied for a moment.
You hit the orc priest with your +2 dagger of holy wrath.
The orc priest is almost dead.
You hit the orc priest with your +0 hand axe of chaos.
You kill the orc priest!
You hit the hobgoblin with your +0 hand axe of chaos.
You kill the hobgoblin!
You hit the orc priest but do no damage.
The orc priest seems to grow stronger.
Xom is amused.
The orc priest barely misses you.
Your Fighting skill increases to level 4!
The orc priest mumbles some strange prayers to Beogh against you.
Beogh smites you!
* * * LOW HITPOINT WARNING * * *
The orc barely misses you.
Things that are here:
a +0 trident; an orc corpse You take 9 damage, and have 12/48 hp.
You hit the orc priest with your +2 dagger of holy wrath.
The orc priest is lightly wounded.
You hit the orc priest but do no damage.
You hit the orc with your +0 hand axe of chaos.
The orc priest closely misses you. The orc hits you with a +0 club.
* * * LOW HITPOINT WARNING * * *
You take 1 damage, and have 11/48 hp.
You hit the orc priest with your +0 hand axe of chaos.
The orc priest is heavily wounded.
You barely miss the orc with your +0 hand axe of chaos.
You hit the orc priest with your +2 dagger of holy wrath.
The orc priest hits you with a +0 flail!
You die...

..#.###. ........
........# ##.
.................. ..
..#.###...#..$...# .. .
..#.###...#..$...##.##.#
).......................
.......................#
..........#.##..o.......
..........#.##.o@##.##..
...............$.o......
.................##.##..
..#.##.#..#.###..##.##
..#.##.#..#..........[.
.......................
....#..................
.......................
.......................


You could see an orc priest (strong) and 2 orcs.

Vanquished Creatures
  A yaktaur (D:4)
  An orc priest (D:4)
  Jessica (D:3)
  Robin (D:2)
  An adder (D:2)
  A ribbon worm (D:2)
  3 orcs
  3 ball pythons
  5 endoplasms
  A giant cockroach (D:2)
  5 goblins (D:2)
  11 hobgoblins
  4 jackals
  2 quokkas
  7 bats
  5 frilled lizards
  6 kobolds
  A rat (D:1)
59 creatures vanquished.

Vanquished Creatures (others)
  A dart slug (D:3)
  2 jackals (D:3)
3 creatures vanquished.

Grand Total: 62 creatures vanquished

Notes
Turn   | Place    | Note
-------+----------+-------------------------------------------
     0 | D:1      | ezpacito the Coglin Chaos Knight began the quest for the
                  | Orb.
     0 | D:1      | Reached XP level 1. HP: 18/18 MP: 1/1
    54 | D:1      | Reached skill level 1 in Dodging
   123 | D:1      | Reached XP level 2. HP: 24/24 MP: 2/2
   130 | D:1      | XOM: silly message
   719 | D:2      | XOM: give mutations
   719 | D:2      | Gained mutation: You are vulnerable to heat. (rF-) [Xom's
                  | mischief]
   719 | D:2      | Gained mutation: You are agile. (Dex +4, Str/Int -1) [Xom's
                  | mischief]
   719 | D:2      | Gained mutation: Your mind is acute. (Int +4, Str/Dex -1)
                  | [Xom's mischief]
   746 | D:2      | Noticed Robin
   747 | D:2      | Reached XP level 3. HP: 27/29 MP: 3/3
   754 | D:2      | Killed Robin
   927 | D:2      | XOM: swap monsters
  1026 | D:2      | Reached skill level 1 in Polearms
  1026 | D:2      | Reached XP level 4. HP: 35/35 MP: 3/5
  1259 | D:3      | Found a radiant altar of Vehumet.
  1259 | D:3      | Noticed Jessica
  1271 | D:3      | Killed Jessica
  1457 | D:3      | Reached skill level 1 in Stealth
  1667 | D:3      | Found a faded altar of an unknown god.
  2137 | D:4      | XOM: stealth player
  2191 | D:4      | Noticed a black bear
  2195 | D:4      | XOM: swap monsters
  2196 | D:4      | a black bear changed into a yaktaur
  2196 | D:4      | Noticed a yaktaur
  2196 | D:4      | XOM: polymorph black bear -> yaktaur
  2205 | D:4      | XOM: confuse monster(s)
  2210 | D:4      | Killed a yaktaur
  2211 | D:4      | Reached skill level 1 in Spellcasting
  2211 | D:4      | Reached XP level 5. HP: 35/42 MP: 5/7
  2211 | D:4      | Reached XP level 6. HP: 40/48 MP: 5/8
  2265 | D:4      | Reached skill level 4 in Fighting
  2267 | D:4      | Slain by an orc priest

Illustrated notes

Levels and vault maps discovered:
D:1:      reono_arrival_forest_river, layout_basic
D:2:      layout_rooms, serial_glass, glass_columns_a, glass_columns_b,
          glass_columns_c, glass_columns_b, glass_columns_b, glass_columns_b,
          uniq_robin
D:3:      layout_loops_ring, fiery_altar_vehumet,
          hellmonk_ecumenical_altar_pennies_from_heaven,
          chequers_serial_rivers_micro_a, uniq_jessica
D:4:      layout_basic

Skill      XL: |  1  2  3  4  5  6 |
---------------+-------------------+-----
Dodging        | 1 2 |  2.7
Armour         | 2 3 |  3.1
Polearms       | 1 2 |  2.0
Stealth        | 1 |  1.5
Spellcasting   | 1 |  1.4
Fighting       | 4 |  4.0
Axes           | |  3.9

Action                     |  1- 3 |  4- 6 || total
---------------------------+-------+-------++-------
  Melee: Hand axe          |    66 |    56 ||   122
         Dagger            |    62 |    53 ||   115
   Stab: Confused          |     3 |     1 ||     4
         Sleeping          |     1 |     1 ||     2
 Armour: Leather armour    |    30 |    12 ||    42
         Scale mail        |       |    20 ||    20
  Dodge: Dodged            |    32 |    38 ||    70

Table legend: (Time is in decaauts)
 A = Elapsed time spent in this place.
 B = Non-inter-level travel time spent in this place.
 C = Inter-level travel time spent in this place.
 D = Time resting spent in this place.
 E = Time spent auto-exploring this place.
 F = Levels seen in this place.
 G = Mean time per level.
                   A        B        C        D        E       F      G
               +--------+--------+--------+--------+--------+-----+--------+
         Total |   2286 |   2114 |    172 |      0 |   1737 |   4 |  571.5 |
       Dungeon |   2286 |   2114 |    172 |      0 |   1737 |   4 |  571.5 |
               +--------+--------+--------+--------+--------+-----+--------+

Top non-repeatable levels by time:
     D:3: 886 daAuts
     D:1: 726 daAuts
     D:2: 541 daAuts
     D:4: 131 daAuts
